 Dungeon Crawl Stone Soup version 0.28-b1 (webtiles) character file.

Game seed: 12968483485614280544

49 Descartes the Grasshopper (level 4, -4/33 HPs)
             Began as a Formicid Warper on Jan 26, 2022.
             Was a High Priest of Ignis.
             Slain by an orc priest (6 damage)
             ... on level 3 of the Dungeon.
             The game lasted 00:04:45 (2140 turns).

Descartes the Grasshopper (Formicid Warper)         Turns: 2140, Time: 00:04:47

Health: -4/33      AC:  6    Str: 18    XL:     4   Next: 1%
Magic:  7/7        EV: 11    Int: 18    God:    Ignis [*****.]
Gold:   49         SH:  0    Dex: 10    Spells: 7/7 levels left

rFire   + . .      SeeInvis +   g - +0 short sword (freeze)
rCold   . . .      Faith    .   (no shield)
rNeg    . . .      Spirit   .   h - +0 ring mail
rPois   .          Reflect  .   (helmet unavailable)
rElec   .          Harm     .   k - +0 cloak
rCorr   .          Rampage  .   (no gloves)
Will    .....                   (no boots)
Stlth   ..........              (no amulet)
HPRegen 0.11/turn               q - +6 ring of intelligence
MPRegen 0.10/turn               (no ring)

@: no status effects
A: permanent stasis, dig shafts and tunnels, antennae 3, four strong arms
a: Dig, Shaft Self, Renounce Religion, Fiery Armour, Foxfire Swarm, Rising Flame


You were on level 3 of the Dungeon.
You worshipped Ignis.
Ignis was extremely pleased with you.
You visited 1 branch of the dungeon, and saw 3 of its levels.

You collected 49 gold pieces.

Inventory:

Hand Weapons
 a - a +0 mace
 g - a +0 short sword of freezing (weapon)
Missiles
 c - 5 boomerangs of dispersal (quivered)
 f - 83 stones
 i - 7 boomerangs
 p - 5 poisoned darts
Armour
 b - a +0 leather armour
 h - a +0 ring mail (worn)
 k - a +0 cloak (worn)
Jewellery
 q - a +6 ring of intelligence (left hand)
Scrolls
 e - 3 scrolls of blinking {unknown}
 l - a scroll of fog {unknown}
 n - a scroll of noise {unknown}
 o - a scroll of holy word {unknown}
Potions
 d - 3 potions of flight {unknown}
 j - a potion of cancellation {unknown}
 m - a potion of might {unknown}
 r - 2 potions of mutation {unknown}


   Skills:
 - Level 2.1 Fighting
 - Level 2.0 Maces & Flails
 - Level 1.0 Throwing
 + Level 2.8 Armour
 - Level 1.7 Dodging
 - Level 2.1 Spellcasting
 + Level 3.5 Translocations


You had 7 spell levels left.
You didn't know any spells.
Your spell library contained the following spells:

 Spells                   Type           Power      Damage    Failure   Level
 Apportation              Tloc           28%        N/A       8%          1
 Gell's Gravitas          Tloc           14%        N/A       22%         3
 Lesser Beckoning         Tloc           14%        N/A       22%         3
 Teleport Other           Tloc           14%        N/A       22%         3
 Animate Skeleton         Necr           2%         N/A       30%         1
 Summon Small Mammal      Summ           4%         N/A       30%         1
 Portal Projectile        Hex/Tloc       16%        N/A       41%         3
 Corpse Rot               Necr/Air       2%         N/A       43%         2
 Poisonous Vapours        Pois/Air       2%         N/A       43%         2
 Call Canine Familiar     Summ           1%         N/A       67%         3
 Manifold Assault         Tloc           14%        N/A       90%         5
 Leda's Liquefaction      Hex/Erth       0%         N/A       97%         4
 Blink                    Tloc           Unusable   N/A       N/A         2

Dungeon Overview and Level Annotations

Branches:
Dungeon (3/15)

Altars:
Ignis


Innate Abilities, Weirdness & Mutations

You cannot be hasted, slowed, berserked, paralysed or teleported.
You can dig through walls and to a lower floor.
You have a pair of large antennae on your head. (SInv)
Your four strong arms can wield two-handed weapons with a shield.


Message History

You are too injured to fight recklessly!
You are too injured to fight recklessly!
You are too injured to fight recklessly!
You are too injured to fight recklessly!
You are too injured to fight recklessly!
You are too injured to fight recklessly!
You are too injured to fight recklessly!
You are too injured to fight recklessly!
You are too injured to fight recklessly!
You are too injured to fight recklessly!
You are too injured to fight recklessly!
You are too injured to fight recklessly!
You are too injured to fight recklessly!
The orc wizard gestures at you while chanting.
The magic dart hits you.
* * * LOW HITPOINT WARNING * * *
The orc priest hits you from afar with a +0 trident.
* * * LOW HITPOINT WARNING * * *
Okay, then.
Activating: Foxfire Swarm
Press: ? - help, Dir - look around, f - activate Look: an orc priest, wielding a +0 trident (moderately wounded) Flames leap up around you!
The orc hits you but does no damage. The orc priest misses you.
There are monsters nearby!
Unknown command.
There are monsters nearby!
The foxfire hits the orc but does no damage.
The foxfire hits the orc.
You kill the orc!
The foxfire hits the orc wizard.
The orc wizard is moderately wounded.
The foxfire hits the orc wizard.
The orc wizard is moderately wounded.
The foxfire hits the orc wizard.
The orc wizard is heavily wounded.
The foxfire hits the orc wizard.
The orc wizard is heavily wounded.
The orc priest hits you from afar with a +0 trident.
You die...

.........##..#)#
#..............#
#..............## . { ...
............ ... #.#
#.........##
....######.###.........#
......o.§§§.....###....##
.....oov§§§..............
..#..###@#####..###...###
# #v§vv..............
#v§######.###...... .v§§
#.# ###.### ##§v# #.# #.#
...# #.# #.# #..# #.# ###
#..# #.# #.#


You could see an orc priest (ally target), an orc wizard (ally target) and an
orc (ally target).

Vanquished Creatures
  An adder (D:2)
  4 orcs (D:3)
  3 ball pythons
  3 endoplasms
  A giant cockroach (D:1)
  5 goblins
  3 hobgoblins (D:1)
  3 kobolds
  A quokka (D:2)
  8 bats
  A frilled lizard (D:1)
  2 rats (D:2)
35 creatures vanquished.

Vanquished Creatures (others)
  6 foxfires (D:3)
6 creatures vanquished.

Grand Total: 41 creatures vanquished

Notes
Turn   | Place    | Note
-------+----------+-------------------------------------------
     0 | D:1      | Descartes the Formicid Warper began the quest for the Orb.
     0 | D:1      | Reached XP level 1. HP: 16/16 MP: 3/3
   342 | D:1      | Reached XP level 2. HP: 22/22 MP: 5/5
   355 | D:1      | Reached skill level 3 in Translocations
   600 | D:1      | Found a faded altar of an unknown god.
   800 | D:1      | Prayed at the altar of an unknown god.
   800 | D:1      | Became a worshipper of Ignis, the Dying Flame
   893 | D:1      | Reached XP level 3. HP: 25/26 MP: 6/6
  2083 | D:3      | Reached XP level 4. HP: 30/33 MP: 7/7
  2140 | D:3      | Slain by an orc priest

Illustrated notes

Levels and vault maps discovered:
D:1:      minmay_arrival_stair_chambers, layout_loops_ring,
          chequers_ecumenical_altar_simple, bh_walls_and_bars
D:2:      layout_loops_ring
D:3:      layout_basic, uniq_grinder, uniq_natasha

Skill      XL: |  1  2 |
---------------+-------+-----
Translocations | 3 |  3.5
Armour         | 2 |  2.8
Fighting       | |  2.1
Maces & Flails | |  2.0
Throwing       | |  1.0
Dodging        | |  1.7
Spellcasting   | |  2.1

Action                   |  1- 3 |  4- 6 || total
-------------------------+-------+-------++-------
Melee: Mace              |    13 |       ||    13
       Short sword       |   129 |    10 ||   139
       Punch             |     2 |       ||     2
Invok: Foxfire Swarm     |       |     1 ||     1
 Abil: Dig               |     3 |       ||     3
Armor: Leather armour    |     6 |       ||     6
       Ring mail         |    73 |     4 ||    77
Dodge: Dodged            |   102 |     7 ||   109
